 Dungeon Crawl Stone Soup version 0.29.0-11-gd7f09526c8 (webtiles) character file.

Game seed: 6723357592729712939

92 Zeldest the Trooper (level 4, -6/37 HPs)
             Began as a Djinni Chaos Knight on Sept 4, 2022.
             Was a Plaything of Xom.
             Killed from afar by a white imp (9 damage)
             ... with a puff of frost
             ... summoned by Xom
             ... on level 2 of the Dungeon.
             The game lasted 00:02:02 (1830 turns).

Zeldest the Trooper (Djinni Chaos Knight)           Turns: 1830, Time: 00:02:02

Health: -6/37      AC:  5    Str: 11    XL:     4   Next: 90%
Gold:   87         EV: 11    Int: 16    God:    Xom [......] SH:  8 Dex:  8

rFire   + + .      SeeInvis +   a - +0 falchion (chaos)
rCold   x . .      Faith    .   i - +0 buckler
rNeg    . . .      Spirit   .   b - +2 leather armour
rPois   ∞          Reflect  +   (no helmet)
rElec   .          Harm     .   (no cloak)
rCorr   .          Rampage  .   (no gloves)
Will    .....                   (boots unavailable)
Stlth   +.........              e - amulet of reflection
HPRegen 0.12/turn               l - ring of see invisible
MPRegen 0.00/turn               (no ring)

@: flying
A: sickness immunity, fire resistance 2, cold vulnerability 1, float, innate
caster, HP casting, extra vitality 1, clumsy 2
a: Renounce Religion


You were on level 2 of the Dungeon.
You worshipped Xom.
You were a very special plaything of Xom.
You visited 1 branch of the dungeon, and saw 2 of its levels.

You collected 87 gold pieces.

Inventory:

Hand Weapons
 a - a +0 falchion of chaos (weapon)
Missiles
 m - 6 curare-tipped darts
Armour
 b - a +2 leather armour (worn)
 i - a +0 buckler (worn)
Jewellery
 e - an amulet of reflection (around neck)
 l - a ring of see invisible (left hand)
Scrolls
 f - a scroll of magic mapping {unknown}
 g - a scroll of enchant armour {unknown}
 h - a scroll of identify {unknown}
 j - a scroll of teleportation {unknown}
 k - a scroll of vulnerability {unknown}
 n - a scroll of blinking {unknown}
 o - 2 scrolls of poison {unknown}
 p - a scroll of amnesia {unknown}
Potions
 d - 2 potions of lignification {unknown}
 q - a potion of curing {unknown}
Miscellaneous
 c - a piece from Xom's chessboard (15/15) (quivered)


   Skills:
 + Level 3.7 Fighting
 - Level 2.6 Long Blades
 - Level 1.0 Armour
 - Level 2.1 Dodging
 + Level 1.4 Shields
 * Level 2.1 Spellcasting


You had 6 spell levels left.
You knew the following spells:

 Your Spells              Type           Power      Damage    Failure   Level
a - Freeze                Ice            32%        1d5       16%         1
Your spell library was empty.

Dungeon Overview and Level Annotations

Branches:
Dungeon (2/15)

Altars:

Shops:
D:1 :(:[!


Innate Abilities, Weirdness & Mutations

You are immune to sickness and miasma.
You are immune to poison.
Your flesh is very heat resistant. (rF++)
You are vulnerable to cold. (rC-)
You float through the air rather than walking.
You learn spells naturally, not from books.
Your magical power is your life essence.
You have superior vitality. (+4 MHP)
You are very clumsy. (Dex -4)


Message History

You closely miss the kobold.
The kobold is moderately wounded.
You block the kobold's attack.
A kobold is nearby!
You hit the kobold but do no damage.
The kobold is moderately wounded.
The kobold hits you but does no damage.
A kobold is nearby!
You slash the kobold! You burn the kobold.
You kill the kobold!
Things that are here:
a +0 dagger; 3 stones; a bat corpse "Time to have some fun!"
You hit the iron imp but do no damage. The white imp closely misses you.
The white imp hits you but does no damage.
There are monsters nearby!
You hit the iron imp but do no damage.
The iron imp appears confused.
You block the iron imp's attack. The white imp gestures at you.
The puff of frost hits you!!
You feel a terrible chill!
Ouch! That really hurt!
The white imp gestures at you. The puff of frost hits you!
You feel a terrible chill!
Xom thinks this is hilarious!
* * * LOW HITPOINT WARNING * * *
There are monsters nearby!
You are too injured to fight recklessly!
You are too injured to fight recklessly!
Okay, then.
The white imp attacks as you move away! The white imp hits you.
* * * LOW HITPOINT WARNING * * *
The white imp freezes you.
You feel a terrible chill!
* * * LOW HITPOINT WARNING * * *
The white imp gestures at you.
The puff of frost reflects off an invisible shield around you!
The puff of frost hits the white imp.
The white imp completely resists.
The white imp attacks as you move away! The white imp misses you.
The white imp gestures at you. The puff of frost hits you!
You feel a terrible chill!
You die...

#..
..................####.##.
##. #.#######...#######
#.... #...# ####. #...# #)
.# ###>..### #. #.#
#....... #. # #.# #.#...#
#. ######.#######5##.# #.
...........##...@.# #.
.###...#...##.5#####. #.
.# #..###..##5.......# #.
## #.## ##............ #.
# #..###..##.######## ##
#...#...##.# #.......##.#
####.#####.. #.# ###


You could see an iron imp (summoned, confused) and 2 white imps.

Vanquished Creatures
  2 adders (D:2)
  4 gnolls
  A dart slug (D:1)
  3 ball pythons
  5 endoplasms
  3 goblins (D:1)
  5 hobgoblins
  2 kobolds (D:2)
  A quokka (D:2)
  5 bats
  A frilled lizard (D:1)
  2 rats
34 creatures vanquished.

Notes
Turn   | Place    | Note
-------+----------+-------------------------------------------
     0 | D:1      | Zeldest the Djinni Chaos Knight began the quest for the
                  | Orb.
     0 | D:1      | Reached XP level 1. HP: 20/20 MP: 0/0
    58 | D:1      | Found Vut Tink's Armour Boutique.
    77 | D:1      | Found Anoec's Distillery.
   107 | D:1      | XOM: silly message
   148 | D:1      | Reached XP level 2. HP: 21/25 MP: 0/0
   188 | D:1      | Reached skill level 1 in Spellcasting
   221 | D:1      | Found a faded altar of an unknown god.
   321 | D:1      | XOM: divination: magic mapping
   383 | D:1      | XOM: god gift: 6 curare-tipped darts
   439 | D:1      | Found Ereicin's Weapon Boutique.
   445 | D:1      | Found Heghuec's Book Boutique.
   489 | D:1      | Found Anwi Pui's Book Shoppe.
   528 | D:1      | Reached XP level 3. HP: 19/30 MP: 0/0
   528 | D:1      | Learned a level 1 spell: Freeze
   866 | D:2      | XOM: snakes to sticks
   877 | D:2      | XOM: silly message
  1002 | D:2      | Reached skill level 1 in Shields
  1002 | D:2      | Reached XP level 4. HP: 23/35 MP: 0/0
  1111 | D:2      | XOM: butterfly on damage
  1584 | D:2      | XOM: summons 2 hostile shadow creatures
  1668 | D:2      | XOM: give mutations
  1668 | D:2      | Gained mutation: You are clumsy. (Dex -2) [Xom's mischief]
  1668 | D:2      | Gained mutation: Your body sometimes deteriorates upon
                  | taking damage. [Xom's mischief]
  1668 | D:2      | Lost mutation: Your body sometimes deteriorates upon taking
                  | damage. [Xom's mischief]
  1668 | D:2      | Gained mutation: You are very clumsy. (Dex -4) [Xom's
                  | mischief]
  1826 | D:2      | XOM: summons 3 hostile demons
  1830 | D:2      | Killed from afar by a white imp

Illustrated notes

Levels and vault maps discovered:
D:1:      lightli_molten_gateway, layout_basic, serial_shops,
          nicolae_shop_trees, shop, shop, nicolae_shop_behind_doors, shop,
          hellmonk_ecumenical_altar_blasted
D:2:      layout_loops_cross

Skill      XL: |  1  2  3  4 |
---------------+-------------+-----
Spellcasting   | 1 2 |  2.1
Shields        | 1 |  1.4
Fighting       | |  3.7
Long Blades    | |  2.6
Armour         | |  1.0
Dodging        | |  2.1

Action                   |  1- 3 |  4- 6 || total
-------------------------+-------+-------++-------
Melee: Falchion          |    53 |    61 ||   114
 Stab: Sleeping          |     1 |       ||     1
Armor: Leather armour    |    16 |    18 ||    34
Dodge: Dodged            |    21 |    22 ||    43
Block: Buckler           |    17 |    33 ||    50
       Reflection        |       |     2 ||     2
